 Dungeon Crawl Stone Soup version 0.20.1-1-g8b1a95d (webtiles) character file.

295 theRoog the Chopper (level 6, 38/56 HPs)
             Began as a Minotaur Berserker on July 20, 2017.
             Was a Follower of Jiyva.
             Got out of the dungeon alive.
             The game lasted 00:04:20 (1727 turns).

theRoog the Chopper (Minotaur Berserker)            Turns: 1727, Time: 00:04:20

Health: 38/56      AC:  4    Str: 24    XL:     6   Next: 11%
Magic:  5/5        EV: 13    Int:  4    God:    Jiyva [*.....]
Gold:   104        SH:  5    Dex:  9    Spells: 5/5 levels left

rFire    . . .     SeeInvis .   p - +0 war axe
rCold    . . .     Gourm    .   (no shield)
rNeg     . . .     Faith    .   k - +0 leather armour
rPois    .         Spirit   .   (helmet restricted)
rElec    .         Reflect  +   (no cloak)
rCorr    .         Harm     .   (no gloves)
MR       .....                  o - +0 pair of boots
Stlth    +.........             d - +5 amulet of reflection
Regen    0.2/turn               (no ring)
MPRegen  0.1/turn               (no ring)

@: no status effects
A: retaliatory headbutt, horns 2
a: Request Jelly, Renounce Religion


You escaped.
You worshipped Jiyva.
Jiyva was aware of your devotion.
You were hungry.

You visited 1 branch of the dungeon, and saw 3 of its levels.

You collected 104 gold pieces.

Inventory:

Hand Weapons
 a - a +0 hand axe
 p - a +0 war axe (weapon)
Missiles
 m - 2 tomahawks of dispersal (quivered)
Armour
 b - a +0 animal skin
 k - a +0 leather armour (worn)
 o - a +0 pair of boots (worn)
Jewellery
 d - a +5 amulet of reflection (around neck)
 w - a +4 ring of protection {unknown}
Scrolls
 j - a scroll of noise {unknown}
 n - a scroll of enchant weapon {unknown}
 s - 2 scrolls of identify {unknown}
 v - a scroll of recharging {unknown}
Potions
 e - a potion of berserk rage {unknown}
 f - 3 potions of curing {unknown}
 g - 2 potions of lignification {unknown}
 h - a potion of magic {unknown}
 i - 2 potions of flight {unknown}
 l - 2 potions of haste {unknown}
 r - a potion of heal wounds
 t - a potion of ambrosia {unknown}
Comestibles
 c - 2 bread rations
 q - a meat ration
 u - a royal jelly


   Skills:
 + Level 5.3 Fighting
 + Level 5.9 Axes
 + Level 3.2 Armour
 + Level 3.5 Dodging
 + Level 0.8 Stealth


You had 5 spell levels left.
You didn't know any spells.

Dungeon Overview and Level Annotations

Branches:
Dungeon (3/15)

Altars:
Xom
Jiyva


Innate Abilities, Weirdness & Mutations

You reflexively headbutt those who attack you in melee.
You have a pair of horns on your head.


Message History

There is a stone staircase leading down here.
(D) Dungeon
Where to? (Enter - D:2, ? - help)
You swap places.
There is a stone staircase leading up here.
You climb upwards.
There is a stone staircase leading down here.
You enter the shallow water.
Moving in this stuff is going to be slow.
Why would you want to do that? Why would you want to do that?
Why would you want to do that?
You enter the shallow water.
Moving in this stuff is going to be slow.
You enter the shallow water.
Moving in this stuff is going to be slow.
There is a staircase leading out of the dungeon here.
You can't go down here!
Are you sure you want to leave the Dungeon?
This will make you lose the game!
You have escaped!

#.########
#######........# #.# #...#
#.........#.####
#.####.#'###########'#.#
#......#.#.#♣♣♣♣♣#.#.#.###
########.............#...#
#..♣..♣.♣..♣..###.#
#≈#♣♣..≈..♣♣#≈#.#.##
#≈#P♣.≈≈≈.♣P#≈#.....
#≈#@..≈8≈..>#≈#.#.##
#≈#P♣.≈≈≈.♣P#≈###.#
#≈#♣♣..≈..♣♣#≈# #.##
#..♣..♣.♣..♣..# #..#
####.............# ##.#
#..#.#.#♣♣♣♣♣#.#.# #.#
#.##'###########'####.#
#.##........# #...##..†
#.#########.# #........


There were no monsters in sight!

Vanquished Creatures
  3 crimson imps (D:3)
  Terence (D:3)
  Natasha (thrice) (D:2)
  4 adders
  4 worms
  A dart slug (D:2)
  A leopard gecko (D:2)
  3 orcs (D:3)
  3 ball pythons
  2 giant cockroaches
  5 hobgoblins
  3 kobolds
  4 bats
  7 frilled lizards (D:1)
  2 goblins
  2 rats
48 creatures vanquished.

Vanquished Creatures (others)
  An adder (D:2)
  An ooze (D:2)
2 creatures vanquished.

Grand Total: 50 creatures vanquished

Notes
Turn   | Place    | Note
-------+----------+-------------------------------------------
     0 | D:1      | theRoog the Minotaur Berserker began the quest for the Orb.
     0 | D:1      | Reached XP level 1. HP: 19/19 MP: 0/0
   131 | D:1      | Reached XP level 2. HP: 27/27 MP: 1/1
   668 | D:2      | Noticed Natasha
   676 | D:2      | Killed Natasha
   676 | D:2      | Reached XP level 3. HP: 23/33 MP: 2/2
   699 | D:2      | Noticed Natasha
   707 | D:2      | Killed Natasha
   707 | D:2      | Reached XP level 4. HP: 18/41 MP: 3/3
   725 | D:2      | Noticed Natasha
   733 | D:2      | Killed Natasha
   770 | D:2      | Reached ** piety under Trog
   773 | D:2      | Found a faded altar of an unknown god.
  1164 | D:2      | Fell from the grace of Trog
  1164 | D:2      | Became a worshipper of Jiyva Jeugoal the Shapeless
  1164 | D:2      | Reached * piety under Jiyva
  1462 | D:3      | Found a shimmering altar of Xom.
  1468 | D:3      | Reached skill level 5 in Fighting
  1495 | D:3      | Reached skill level 5 in Axes
  1495 | D:3      | Reached XP level 5. HP: 37/48 MP: 4/4
  1622 | D:3      | Noticed Terence
  1633 | D:3      | Killed Terence
  1654 | D:3      | Reached XP level 6. HP: 33/56 MP: 5/5
  1727 | D:$      | Got out of the dungeon alive.

Skill      XL: |  1  2  3  4 |
---------------+-------------+-----
Fighting       | 4 5 |  5.3
Axes           | 4 5 |  5.9
Dodging        | 3 |  3.5
Armour         | 3 |  3.2
Stealth        | |  0.8

Action                   |  1- 3 |  4- 6 || total
-------------------------+-------+-------++-------
Melee: Hand axe          |    33 |       ||    33
       War axe           |     5 |    86 ||    91
       Headbutt          |       |    18 ||    18
  Use: Potion            |       |     1 ||     1
 Stab: Sleeping          |     1 |       ||     1
  Eat: Chunk             |       |     2 ||     2
Armor: Animal skin       |     4 |       ||     4
       Leather armour    |     1 |    10 ||    11
Dodge: Dodged            |    28 |    38 ||    66
Block: Other             |     7 |    25 ||    32
       Reflection        |       |     1 ||     1
